 Dungeon Crawl Stone Soup version 0.24.0-1-gfbc8707 (webtiles) character file.

Game seed: 2688569610965688948, levelgen mode: deterministic

429 Fang the Skirmisher (level 6, -3/40 HPs)
             Began as a Gargoyle Berserker on Oct 29, 2019.
             Was a Priest of Trog.
             Killed from afar by a white draconian (43 damage)
             ... with a chilling blast
             ... on level 1 of the Abyss.
             The game lasted 00:02:35 (3294 turns).

Fang the Skirmisher (Gargoyle Berserker)            Turns: 3294, Time: 00:02:36

Health: -3/40      AC: 16    Str: 23    XL:     6   Next: 98%
Magic:  6/6        EV:  7    Int:  7    God:    Trog [***...]
Gold:   306        SH:  0    Dex:  9    Spells: 5/5 levels left

rFire    . . .     SeeInvis .   a - +0 war axe
rCold    . . .     Gourm    .   (no shield)
rNeg     + + .     Faith    .   b - +0 plate armour
rPois    ∞         Spirit   .   (no helmet)
rElec    +         Reflect  .   (no cloak)
rCorr    .         Harm     .   (no gloves)
MR       .....                  (no boots)
Stlth    ..........             (no amulet)
HPRegen  0.13/turn              m - ring of positive energy
MPRegen  0.10/turn              (no ring)

@: no status effects
A: negative energy resistance 1, electricity resistance, unbreathing,
petrification resistance, rot immunity, AC +4
a: Berserk, Trog's Hand, Renounce Religion


You were on level 1 of the Abyss.
You worshipped Trog.
Trog was most pleased with you.
You were very hungry.

You visited 1 branch of the dungeon, and saw 4 of its levels.
You visited the Abyss 1 time.

You collected 306 gold pieces.

Inventory:

Hand Weapons
 a - a +0 war axe (weapon)
Armour
 b - a +0 plate armour (worn)
Jewellery
 m - a ring of positive energy (left hand)
Scrolls
 e - 7 scrolls of identify {unknown}
 g - a scroll of remove curse {unknown}
 h - a scroll of enchant weapon {unknown}
 k - 2 scrolls of immolation {unknown}
 l - 5 scrolls of teleportation {unknown}
 o - a scroll of amnesia {unknown}
 p - 2 scrolls of noise {unknown}
 r - 2 scrolls of fear {unknown}
Potions
 d - 2 potions of mutation {unknown}
 f - a potion of haste {unknown}
 j - 2 potions of magic {unknown}
 n - a potion of brilliance {unknown}
 q - a potion of lignification {unknown}
Comestibles
 c - 10 rations


   Skills:
 * Level 5.4 Fighting
 * Level 4.4 Axes
 + Level 3.7 Armour
 + Level 2.8 Dodging


You had 5 spell levels left.
You didn't know any spells.
Your spell library was empty.

Dungeon Overview and Level Annotations

Branches:
Dungeon (4/15)
 Temple: D:4-7

Altars:
Okawaru
Zin


Innate Abilities, Weirdness & Mutations

You are resistant to torment.
Your stone body is resilient. (AC +4)
You are immune to poison.
You resist negative energy. (rN+)
You are resistant to electric shocks. (rElec)
You can survive without breathing.
You are immune to petrification.
You are immune to rotting.


Message History

The orc hits you but does no damage.
You are cast into the Abyss!
To return, you must find a gate leading back.
Killing monsters will force the Abyss to allow you passage.
This branch contains the abyssal rune of Zot.
Unknown command.
You start resting.
HP restored.
You start waiting.
You are feeling very hungry.
Found a gateway leading out of the Abyss.
c - 10 rations (gained 1)
l - 5 scrolls labeled DUOLUZXOPEO (gained 1)
A white draconian comes into view. It is wielding a +0 halberd.
The white draconian roars!
There is a gateway leading out of the Abyss here.
The white draconian breathes frost at you.
The chilling blast hits you!!!
Ouch! That really hurt!
You die...

###.................
#.#.....#....###.###
#....###.#..####
#.#....###.##....#
##......#....## ##
#......#.#.#...
#..##............. .
#....##......#......
####.d.@#...#.##.
##......##.... .#
##....#...#.### .
#....#........
##...#..#...... #
##......#.#....# #..
.........##.#.. # ##
.. ... .# ..## . ..
.. . . . .


You could see a white draconian.

Vanquished Creatures
  2 orc wizards (D:4)
  3 orc priests
  A bullfrog skeleton (D:4)
  A worker ant (D:4)
  A hound skeleton (D:3)
  12 adders
  2 oozes
  2 worms
  5 dart slugs
  2 leopard geckos
  3 orcs (D:3)
  5 ball pythons
  2 giant cockroaches (D:1)
  9 hobgoblins
  4 jackals (D:1)
  10 bats
  7 frilled lizards (D:2)
  10 goblins
  10 kobolds
  5 rats
96 creatures vanquished.

Notes
Turn   | Place    | Note
-------+----------+-------------------------------------------
     0 | D:1      | Fang the Gargoyle Berserker began the quest for the Orb.
     0 | D:1      | Reached XP level 1. HP: 14/14 MP: 1/1
   188 | D:1      | Reached XP level 2. HP: 15/19 MP: 2/2
   280 | D:1      | Reached XP level 3. HP: 24/24 MP: 3/3
   419 | D:1      | Reached ** piety under Trog
   905 | D:2      | Reached skill level 4 in Fighting
   905 | D:2      | Reached XP level 4. HP: 20/29 MP: 4/4
  1599 | D:3      | Found an iron altar of Okawaru.
  1613 | D:3      | Reached *** piety under Trog
  1650 | D:3      | Reached XP level 5. HP: 32/33 MP: 5/5
  1898 | D:3      | Reached XP level 6. HP: 32/40 MP: 6/6
  2088 | D:3      | Reached skill level 5 in Fighting
  2334 | D:4      | Found an iron altar of Okawaru.
  2986 | D:4      | Found a glowing silver altar of Zin.
  3150 | D:4      | Cast into level 1 of the Abyss (orc)
  3289 | Abyss:1  | Noticed a white draconian
  3294 | Abyss:1  | Killed from afar by a white draconian

Levels and vault maps discovered:
D:1:      dpeg_arrival_chase, layout_basic, hangedman_decor_riveting,
          due_unseen_surprise
D:2:      layout_basic, first_ration, minmay_lizard_pond
D:3:      layout_basic, overflow_temple_1_default, minmay_snake_closets
D:4:      layout_loops_ring, lemuel_coloured_pillars_altar, kennysheep_mini,
          okawaru_ov_weapons_minmay
Abyss:1

Skill      XL: |  1  2  3  4  5  6 |
---------------+-------------------+-----
Axes           | 3 4 |  4.4
Dodging        | 2 |  2.8
Fighting       | 4 5 |  5.4
Armour         | 3 |  3.7

Action                   |  1- 3 |  4- 6 || total
-------------------------+-------+-------++-------
Melee: Hand axe          |   112 |    35 ||   147
       War axe           |       |   152 ||   152
Invok: Berserk           |       |     3 ||     3
  Eat: Chunk             |       |    10 ||    10
Armor: Animal skin       |    21 |       ||    21
       Chain mail        |    32 |     3 ||    35
       Plate armour      |       |   200 ||   200
Dodge: Dodged            |    64 |    88 ||   152
